 Dungeon Crawl Stone Soup version 0.18-a0-1292-ge8ad84c (webtiles) character file.

181 namelastname112 the Cudgeler (level 5, -7/46 HPs)
             Began as a Draconian Chaos Knight on Feb 9, 2016.
             Mangled by an ogre
             ... wielding a +0 giant spiked club
              (31 damage)
             ... on level 4 of the Dungeon.
             The game lasted 00:04:34 (2670 turns).

namelastname112 the Cudgeler (DrCK)                 Turns: 2670, Time: 00:04:34

Health: -7/46      AC:  6    Str: 16    XL:     5   Next: 34%
Magic:  5/5        EV: 12    Int: 12    God:    Xom [...*..]
Gold:   1801       SH:  0    Dex: 10    Spells: 0 memorised, 4 levels left

rFire  . . .     SeeInvis .     a - +0 mace (chaos)
rCold  . . .     Gourm    .     (armour unavailable)
rNeg   . . .     Faith    .     (no shield)
rPois  .         Spirit   .     (helmet restricted)
rElec  .         Dismiss  .     (no cloak)
rCorr  .         Reflect  .     (no gloves)
SustAt .         Harm     .     g - +0 pair of boots
MR     +....     Rnd*Rage +     (no amulet)
Stlth  +.........               (no ring)
                                i - ring of protection from magic

@: flying, glowing, somewhat resistant to hostile enchantments, very unstealthy
A: unfitting armour, big wings, talons 1, berserk 1, blink, clumsy 1,
deterioration 1, strong 1, cold-blooded, AC +5
a: Stop Flying, Blink, Renounce Religion


You were on level 4 of the Dungeon.
You worshipped Xom.
You were a favourite toy of Xom.
You were hungry.

You visited 1 branch of the dungeon, and saw 4 of its levels.

You collected 1801 gold pieces.

Inventory:

Hand Weapons
 a - a +0 mace of chaos (weapon)
Armour
 g - a +0 pair of boots (worn)
Jewellery
 i - a ring of protection from magic (left hand)
Scrolls
 e - 2 scrolls of magic mapping {unknown}
 h - a scroll of fog {unknown}
 j - 2 scrolls of enchant weapon {unknown}
 k - a scroll of identify {unknown}
 n - a scroll of teleportation {unknown}
 p - a scroll of remove curse {unknown}
 s - a scroll of immolation {unknown}
 t - a scroll of fear {unknown}
Potions
 d - 3 potions of curing {unknown}
 m - 2 potions of degeneration {unknown}
 o - 2 potions of might {unknown}
 q - a potion of agility {unknown}
Comestibles
 b - 3 bread rations
 c - 4 meat rations
 f - 2 slices of pizza
 l - 3 fruits
 r - 2 chunks of flesh


   Skills:
 + Level 4.2 Fighting
 * Level 4.3 Maces & Flails
 + Level 1.7 Throwing
 + Level 3.1 Dodging


You had 4 spell levels left.
You didn't know any spells.

Dungeon Overview and Level Annotations

Branches:
Dungeon (4/15)
 Temple: D:4-7

Altars:
Dithmenos
Fedhas
Kikubaaqudgha
Nemelex Xobeh
Ru
Xom


Innate Abilities, Weirdness & Mutations

Your plain brown scales are hard (AC +5).
Your body does not fit into most forms of armour.
You are cold-blooded and may be slowed by cold attacks.
Your large and strong wings let you fly indefinitely.
You have sharp toenails.
You tend to lose your temper in combat.
You can translocate small distances at will.
You are clumsy. (Dex -2)
Your body sometimes deteriorates upon taking damage.
Your muscles are strong. (Str +2)


Message History

The ogre is moderately wounded.
You hit the ogre but do no damage.
The ogre is moderately wounded.
The ogre misses you.
You hit the ogre but do no damage.
The ogre is moderately wounded.
Xom notices you.
You are outlined in light.
The ogre misses you.
You hit the ogre. You freeze the ogre.
The ogre is heavily wounded.
The ogre hits you with a giant spiked club!!
Ouch! That really hurt!
A shower of butterflies erupts from you!
The ogre closely misses your butterfly.
You see here 2 chunks of flesh.
r - 2 chunks of flesh The ogre hits you with a giant spiked club!!
Ouch! That really hurt!
You die...
Xom roars with laughter!

#.≈≈≈≈....#....# #..
#...≈≈..⌠.(....####.#
###............#....#
###.####.#..##.###.
#......b...#..# .
#...b........###.#
#..........)....<.
#.O...b....###...#
#@.........#...##.
####.##.###.........
##....#.........##...
#..................#.
####.<.#...########..
#..###...# ##.......#
#####..... #.# #


You could see an ogre.

Vanquished Creatures
  An ogre (D:3)
  Ijyb (D:2)
  An adder (D:3)
  An ooze (D:1)
  An adder skeleton (D:4)
  2 worms
  A giant gecko (D:2)
  A ball python (D:2)
  7 giant cockroaches
  9 hobgoblins
  3 jackals (D:1)
  4 bats
  2 giant newts
  3 goblins
  9 kobolds
  A quokka skeleton (D:3)
  5 rats
52 creatures vanquished.

Notes
Turn   | Place    | Note
--------------------------------------------------------------
     0 | D:1      | namelastname112 the Draconian Chaos Knight began the quest for the Orb.
     0 | D:1      | Reached XP level 1. HP: 19/19 MP: 1/1
     4 | D:1      | XOM: silly message
   194 | D:1      | XOM: silly message
   247 | D:1      | XOM: harmless Erth miscast
   272 | D:1      | Reached XP level 2. HP: 24/26 MP: 2/2
   297 | D:1      | Reached skill level 1 in Throwing
   523 | D:1      | XOM: give mutation
   523 | D:1      | Gained mutation: You can translocate small distances at will. [Xom's grace]
   663 | D:1      | XOM: god gift: bubbling sapphire potion
   758 | D:1      | Gained mutation: Your muscles are strong. (Str +2) [potion of mutation]
   758 | D:1      | Gained mutation: You have sharp toenails. [potion of mutation]
   758 | D:1      | Gained mutation: You are clumsy. (Dex -2) [potion of mutation]
   852 | D:2      | Found a sacrificial altar of Ru.
   864 | D:2      | Gained mutation: You tend to lose your temper in combat. [potion of mutation]
   864 | D:2      | Gained mutation: Your body sometimes deteriorates upon taking damage. [potion of mutation]
   864 | D:2      | Gained mutation: Your large and strong wings let you fly indefinitely. [potion of mutation]
   882 | D:2      | XOM: god gift: 8 gold pieces
  1034 | D:2      | Found a blossoming altar of Fedhas.
  1048 | D:2      | Reached XP level 3. HP: 28/31 MP: 3/3
  1093 | D:2      | XOM: vitrification
  1095 | D:2      | Found a sparkling altar of Nemelex Xobeh.
  1131 | D:2      | Noticed Ijyb
  1133 | D:2      | XOM: divination: detect items
  1144 | D:2      | Killed Ijyb
  1281 | D:2      | XOM: divination: magic mapping
  1384 | D:2      | Found a shimmering altar of Xom.
  1467 | D:2      | XOM: divination: detect creatures
  1558 | D:2      | Reached XP level 4. HP: 37/40 MP: 4/4
  1671 | D:3      | XOM: smoke on damage
  1937 | D:3      | XOM: silly message
  1969 | D:3      | Found a shadowy altar of Dithmenos.
  2037 | D:3      | XOM: god gift: 1640 gold pieces
  2149 | D:3      | Noticed an ogre
  2155 | D:3      | XOM: confuse monster(s)
  2163 | D:3      | XOM: confuse monster(s)
  2165 | D:3      | Killed an ogre
  2165 | D:3      | Reached skill level 4 in Fighting
  2165 | D:3      | Reached XP level 5. HP: 46/46 MP: 5/5
  2484 | D:4      | Found an ancient bone altar of Kikubaaqudgha.
  2515 | D:4      | Noticed an ogre
  2521 | D:4      | XOM: confuse monster(s)
  2662 | D:4      | XOM: mild Hex miscast
  2663 | D:4      | XOM: butterfly on damage
  2670 | D:4      | Mangled by an ogre

Vault maps used:
D:1:      sevenhm_arrival_forest_fort_large_4
D:2:      fedhas_altar_1, nicolae_ru_awakened_eye, lemuel_round_altar,
          minivault_19, nemelex_diamond_rough_becter, uniq_iyjb
D:3:      lemuel_round_altar
D:4:      kiku_gazebo_pond_becter, lemuel_doored_altar, first_bread, uniq_edmund

Action                   |  1- 3 |  4- 6 || total
-------------------------+-------+-------++-------
Melee: Mace              |    87 |    64 ||   151
 Abil: Fly               |     1 |       ||     1
  Use: Potion            |     2 |       ||     2
 Stab: Sleeping          |       |     2 ||     2
  Eat: Chunk             |     3 |     3 ||     6
